General information
- name: BNet
- type: Ladder team game (AT/RT)
- host: Battle.net
- saver: SH1TMYGOLDMINE
map: Deadlock
- players: 8
- length: 42:24
- speed: Fast
- version: 1.26 W3XP
- replay type: Public
» download(260 KB)
Players
team 1 (winner)
Furion7 (
red | 64 APM | 955 actions | 14:51)
3 Death Knight
2 Death Coil
1 Unholy Aura
2 Lich
1 Frost Nova
1 Frost Armor
» actions
| Assign group hotkey | 23 | |
| Basic commands | 15 | |
| Build / train | 71 | |
| Enter build submenu | 15 | |
| Enter hero's abilities submenu | 5 | |
| Give item / drop item | 3 | |
| Remove unit from queue | 2 | |
| Right click | 492 | |
| Select / deselect | 247 | |
| Select group hotkey | 27 | |
| Use ability | 54 | |
955 total
» units
| Acolyte | 23 | |
| Ghoul | 8 | |
| Crypt Fiend | 9 | |
| Frost Wyrm | 2 | |
42 total
» upgrades
» buildings
| Crypt | 1 | |
| Graveyard | 1 | |
| Altar of Darkness | 1 | |
| Ziggurat | 6 | |
| Tomb of Relics | 1 | |
| Nerubian Tower | 4 | |
| Halls of the Dead | 3 | |
| Black Citadel | 3 | |
| Sacrificial Pit | 1 | |
| Boneyard | 2 | |
| Spirit Tower | 1 | |
24 total
» build order
00:12 Crypt
00:18 Graveyard
00:42 Altar of Darkness
00:56 Ziggurat
01:34 Tomb of Relics
01:50 Ziggurat
02:00 Nerubian Tower
02:00 Nerubian Tower
02:01 Nerubian Tower
03:50 Halls of the Dead
04:58 Ziggurat
06:12 Black Citadel
07:01 Sacrificial Pit
07:04 Ziggurat
09:28 Boneyard
10:18 Ziggurat
11:05 Ziggurat
12:37 Spirit Tower
13:20 Boneyard
» items
| Rod of Necromancy | 5 | |
| Scroll of Town Portal | 1 | |
6 total

»
ElmexXx (
green | 49 APM | 2013 actions | 41:26)
7 Crypt Lord
3 Carrion Beetles
3 Spiked Carapace
1 Locust Swarm
5 Death Knight
3 Death Coil
2 Unholy Aura
» actions
| Assign group hotkey | 29 | |
| Build / train | 59 | |
| Enter build submenu | 26 | |
| Enter hero's abilities submenu | 12 | |
| Right click | 1419 | |
| Select / deselect | 361 | |
| Select group hotkey | 34 | |
| Use ability | 73 | |
2013 total
» units
| Acolyte | 3 | |
| Ghoul | 7 | |
| Crypt Fiend | 8 | |
| Razormane Medicine Man | 1 | |
| Frost Wyrm | 6 | |
25 total
» upgrades
| Creature Attack | 3 | |
| Creature Carapace | 3 | |
| Web | 1 | |
| Freezing Breath | 1 | |
8 total
» buildings
| Altar of Darkness | 1 | |
| Ziggurat | 9 | |
| Tomb of Relics | 1 | |
| Graveyard | 1 | |
| Crypt | 1 | |
| Nerubian Tower | 2 | |
| Halls of the Dead | 1 | |
| Black Citadel | 3 | |
| Sacrificial Pit | 1 | |
| Boneyard | 2 | |
| Necropolis | 1 | |
23 total
» build order
00:12 Altar of Darkness
00:14 Ziggurat
00:18 Tomb of Relics
00:52 Graveyard
01:14 Crypt
01:59 Ziggurat
02:06 Nerubian Tower
02:07 Nerubian Tower
02:53 Ziggurat
04:14 Halls of the Dead
05:09 Ziggurat
05:49 Ziggurat
07:09 Black Citadel
07:10 Black Citadel
07:10 Black Citadel
09:02 Sacrificial Pit
09:52 Boneyard
10:25 Boneyard
10:36 Ziggurat
12:04 Ziggurat
13:31 Ziggurat
21:44 Necropolis
26:38 Ziggurat
» items
| Rod of Necromancy | 1 | |
| Scroll of Town Portal | 3 | |
4 total
trashman (
blue | 44 APM | 1737 actions | 39:52)
8 Goblin Alchemist
3 Acid Bomb
3 Chemical Rage
1 Transmute
1 Healing Spray
1 Death Knight
1 Unholy Aura
» actions
| Assign group hotkey | 13 | |
| Basic commands | 5 | |
| Build / train | 100 | |
| ESC pressed | 5 | |
| Enter build submenu | 29 | |
| Enter hero's abilities submenu | 9 | |
| Give item / drop item | 3 | |
| Remove unit from queue | 3 | |
| Right click | 767 | |
| Select / deselect | 421 | |
| Select group hotkey | 286 | |
| Use ability | 96 | |
1737 total
» units
| Peasant | 27 | |
| Footman | 6 | |
| Mortar Team | 2 | |
| Flying Machine | 22 | |
| Frost Wyrm | 4 | |
61 total
» upgrades
| Lumber Harvesting | 1 | |
| Masonry | 1 | |
| Long Rifles | 1 | |
| Gunpowder | 2 | |
| Armor | 1 | |
| Flare | 1 | |
| Flak Cannons | 1 | |
| Fragmentation Shards | 1 | |
| Plating | 2 | |
| Flying Machine Bombs | 1 | |
| Barrage | 1 | |
13 total
» buildings
| Altar of Kings | 1 | |
| Barracks | 2 | |
| Farm | 14 | |
| Scout Tower | 6 | |
| Arcane Tower | 2 | |
| Lumber Mill | 1 | |
| Town Hall | 4 | |
| Keep | 1 | |
| Blacksmith | 1 | |
| Guard Tower | 4 | |
| Workshop | 4 | |
| Castle | 2 | |
42 total
» build order
00:13 Altar of Kings
00:19 Barracks
00:23 Farm
00:28 Farm
01:46 Farm
01:56 Scout Tower
02:34 Arcane Tower
02:58 Lumber Mill
04:37 Town Hall
04:43 Scout Tower
04:44 Scout Tower
04:45 Scout Tower
04:47 Farm
04:48 Farm
04:49 Farm
04:50 Farm
05:18 Keep
05:25 Blacksmith
05:38 Arcane Tower
05:40 Guard Tower
05:50 Scout Tower
05:54 Scout Tower
06:01 Guard Tower
06:31 Farm
06:38 Farm
06:40 Farm
06:56 Guard Tower
06:58 Guard Tower
07:04 Barracks
08:32 Workshop
08:43 Workshop
09:03 Workshop
09:27 Workshop
10:28 Castle
10:28 Castle
26:59 Town Hall
28:38 Farm
28:39 Farm
28:39 Farm
28:40 Farm
31:29 Town Hall
31:43 Town Hall
» items
| Boots of Speed | 1 | |
| Periapt of Vitality | 1 | |
| Staff of Teleportation | 1 | |
| Healing Salve | 1 | |
4 total
GlassOnion (
yellow | 84 APM | 3572 actions | 42:24)
10 Blademaster
3 Wind Walk
3 Critical Strike
1 Bladestorm
3 Mirror Image
» actions
| Assign group hotkey | 217 | |
| Basic commands | 101 | |
| Build / train | 119 | |
| Enter build submenu | 35 | |
| Enter hero's abilities submenu | 10 | |
| Give item / drop item | 12 | |
| Remove unit from queue | 3 | |
| Right click | 1791 | |
| Select / deselect | 568 | |
| Select group hotkey | 502 | |
| Use ability | 214 | |
3572 total
» units
| Peon | 33 | |
| Grunt | 3 | |
| Troll Batrider | 16 | |
| Wind Rider | 6 | |
58 total
» upgrades
| Ranged Weapons | 3 | |
| Liquid Fire | 1 | |
| Armor | 3 | |
| Troll Regeneration | 1 | |
| Reinforced Defenses | 1 | |
| Envenomed Spears | 1 | |
10 total
» buildings
| Orc Burrow | 6 | |
| Altar of Storms | 1 | |
| Barracks | 2 | |
| Voodoo Lounge | 1 | |
| Stronghold | 1 | |
| War Mill | 3 | |
| Great Hall | 2 | |
| Watch Tower | 19 | |
| Beastiary | 4 | |
| Fortress | 1 | |
40 total
» build order
00:13 Orc Burrow
00:55 Altar of Storms
00:57 Barracks
01:23 Orc Burrow
01:53 Voodoo Lounge
03:09 Stronghold
03:30 War Mill
04:48 Great Hall
05:38 Watch Tower
05:38 Watch Tower
05:41 Watch Tower
07:20 Beastiary
07:22 Beastiary
07:24 Fortress
07:36 Orc Burrow
09:48 Watch Tower
09:49 Watch Tower
09:51 Watch Tower
13:24 Watch Tower
13:24 Watch Tower
13:26 Watch Tower
14:41 Barracks
14:43 War Mill
16:38 War Mill
16:49 Beastiary
16:50 Beastiary
18:54 Orc Burrow
21:42 Watch Tower
21:43 Watch Tower
26:43 Watch Tower
26:43 Watch Tower
26:46 Watch Tower
26:47 Watch Tower
26:49 Watch Tower
26:52 Watch Tower
26:52 Watch Tower
26:52 Watch Tower
30:12 Great Hall
38:01 Orc Burrow
38:04 Orc Burrow
» items
| Boots of Speed | 1 | |
| Staff of Teleportation | 1 | |
| Healing Salve | 6 | |
| Lesser Clarity Potion | 8 | |
| Orb of Lightning | 1 | |
| Potion of Healing | 7 | |
| Potion of Mana | 7 | |
| Scroll of Town Portal | 2 | |
| Tiny Great Hall | 1 | |
| Dust of Appearance | 1 | |
35 total
team 2 (loser)
smokymcpot79 (
teal | 25 APM | 885 actions | 35:19)
5 Blademaster
1 Wind Walk
3 Critical Strike
1 Mirror Image
4 Shadow Hunter
2 Hex
2 Healing Wave
» actions
| Basic commands | 34 | |
| Build / train | 90 | |
| Enter build submenu | 20 | |
| Enter hero's abilities submenu | 9 | |
| Remove unit from queue | 4 | |
| Right click | 280 | |
| Select / deselect | 310 | |
| Use ability | 138 | |
885 total
» units
| Peon | 11 | |
| Grunt | 5 | |
| Tauren | 5 | |
| Shaman | 7 | |
28 total
» upgrades
| Pillage | 1 | |
| Melee Weapons | 2 | |
| Armor | 1 | |
| Berserker Strength | 1 | |
| Pulverize | 1 | |
| Shaman Training | 2 | |
| Reinforced Defenses | 1 | |
9 total
» buildings
| Altar of Storms | 1 | |
| Orc Burrow | 5 | |
| Barracks | 1 | |
| War Mill | 1 | |
| Watch Tower | 5 | |
| Stronghold | 1 | |
| Voodoo Lounge | 1 | |
| Great Hall | 1 | |
| Fortress | 1 | |
| Tauren Totem | 1 | |
| Spirit Lodge | 1 | |
19 total
» build order
00:13 Altar of Storms
00:21 Orc Burrow
00:45 Barracks
01:34 Orc Burrow
01:46 War Mill
02:24 Orc Burrow
03:10 Watch Tower
04:48 Stronghold
04:57 Voodoo Lounge
05:18 Watch Tower
06:28 Great Hall
07:37 Fortress
08:09 Orc Burrow
10:01 Tauren Totem
10:05 Spirit Lodge
16:47 Watch Tower
16:54 Watch Tower
17:11 Watch Tower
17:59 Orc Burrow
» items
| Healing Salve | 4 | |
| Lesser Clarity Potion | 10 | |
| Scroll of Speed | 8 | |
| Potion of Healing | 8 | |
| Scroll of Town Portal | 4 | |
| Potion of Lesser Invulnerability | 1 | |
| Orb of Lightning | 1 | |
36 total

»
Cumeel (
orange | 24 APM | 1000 actions | 42:11)
6 Death Knight
3 Death Coil
1 Unholy Aura
1 Death Pact
1 Animate Dead
4 Lich
2 Frost Nova
1 Dark Ritual
1 Frost Armor
» actions
| Basic commands | 51 | |
| Build / train | 71 | |
| Enter build submenu | 26 | |
| Enter hero's abilities submenu | 10 | |
| Give item / drop item | 2 | |
| Remove unit from queue | 5 | |
| Right click | 388 | |
| Select / deselect | 364 | |
| Use ability | 81 | |
1000 total
» units
| Acolyte | 12 | |
| Ghoul | 4 | |
| Crypt Fiend | 8 | |
| Frost Wyrm | 10 | |
| Gargoyle | 6 | |
40 total
» upgrades
| Burrow | 1 | |
| Web | 1 | |
| Freezing Breath | 1 | |
3 total
» buildings
| Crypt | 1 | |
| Ziggurat | 8 | |
| Altar of Darkness | 1 | |
| Tomb of Relics | 1 | |
| Graveyard | 1 | |
| Nerubian Tower | 1 | |
| Halls of the Dead | 1 | |
| Spirit Tower | 1 | |
| Black Citadel | 1 | |
| Sacrificial Pit | 1 | |
| Boneyard | 2 | |
| Necropolis | 1 | |
20 total
» build order
00:14 Crypt
00:21 Ziggurat
00:45 Altar of Darkness
01:03 Ziggurat
01:29 Tomb of Relics
01:55 Graveyard
02:51 Ziggurat
02:53 Nerubian Tower
03:17 Halls of the Dead
05:23 Ziggurat
05:29 Spirit Tower
06:59 Black Citadel
07:09 Sacrificial Pit
07:58 Black Citadel
09:55 Ziggurat
10:31 Boneyard
11:57 Boneyard
12:14 Ziggurat
21:43 Ziggurat
24:46 Necropolis
24:49 Ziggurat
» items
| Rod of Necromancy | 1 | |
| Scroll of Town Portal | 3 | |
| Healing Salve | 1 | |
| Orb of Corruption | 1 | |
| Dust of Appearance | 1 | |
7 total
SH1TMYGOLDMINE (
purple | 75 APM | 3189 actions | 42:24)
9 Blood Mage
3 Flame Strike
3 Siphon Mana
1 Summon Phoenix
2 Banish
» actions
| Assign group hotkey | 31 | |
| Basic commands | 145 | |
| Build / train | 244 | |
| ESC pressed | 9 | |
| Enter build submenu | 75 | |
| Enter hero's abilities submenu | 8 | |
| Give item / drop item | 6 | |
| Right click | 1187 | |
| Select / deselect | 500 | |
| Select group hotkey | 748 | |
| Use ability | 236 | |
3189 total
» units
| Peasant | 43 | |
| Footman | 13 | |
| Sorceress | 1 | |
| Dragonhawk Rider | 12 | |
| Gryphon Rider | 3 | |
72 total
» upgrades
| Masonry | 3 | |
| Lumber Harvesting | 2 | |
| Sorceress Training | 2 | |
| Magic Sentry | 1 | |
| Swords | 3 | |
| Animal War Training | 1 | |
| Armor | 3 | |
| Cloud | 1 | |
| Storm Hammers | 1 | |
| Backpack | 1 | |
| Plating | 3 | |
| Gunpowder | 3 | |
| Priest Training | 2 | |
| Control Magic | 1 | |
| Defend | 1 | |
| Long Rifles | 1 | |
| Flak Cannons | 1 | |
| Flying Machine Bombs | 1 | |
| Barrage | 1 | |
| Flare | 1 | |
| Fragmentation Shards | 1 | |
34 total
» buildings
| Altar of Kings | 1 | |
| Barracks | 1 | |
| Farm | 13 | |
| Arcane Vault | 1 | |
| Town Hall | 4 | |
| Scout Tower | 35 | |
| Keep | 2 | |
| Arcane Tower | 7 | |
| Lumber Mill | 1 | |
| Guard Tower | 56 | |
| Castle | 2 | |
| Arcane Sanctum | 1 | |
| Blacksmith | 1 | |
| Gryphon Aviary | 3 | |
| Workshop | 3 | |
131 total
» build order
00:06 Altar of Kings
00:13 Barracks
00:17 Farm
00:51 Farm
01:34 Farm
02:37 Arcane Vault
03:57 Town Hall
04:53 Scout Tower
05:05 Farm
05:17 Keep
05:17 Keep
05:18 Arcane Tower
05:19 Arcane Tower
06:05 Lumber Mill
06:41 Scout Tower
06:45 Scout Tower
06:46 Scout Tower
07:08 Scout Tower
07:10 Guard Tower
07:10 Guard Tower
07:14 Scout Tower
07:16 Scout Tower
07:18 Guard Tower
08:01 Guard Tower
08:01 Guard Tower
08:02 Guard Tower
08:02 Guard Tower
08:27 Scout Tower
08:29 Scout Tower
08:35 Scout Tower
08:39 Scout Tower
09:00 Guard Tower
09:08 Guard Tower
09:09 Guard Tower
09:39 Castle
09:39 Castle
10:09 Scout Tower
10:11 Scout Tower
10:14 Scout Tower
10:16 Guard Tower
10:25 Guard Tower
10:25 Guard Tower
10:33 Arcane Sanctum
10:38 Guard Tower
10:40 Guard Tower
10:40 Guard Tower
11:04 Blacksmith
12:11 Gryphon Aviary
12:16 Guard Tower
12:30 Guard Tower
12:30 Guard Tower
12:34 Guard Tower
12:34 Guard Tower
15:01 Gryphon Aviary
15:14 Gryphon Aviary
15:35 Scout Tower
15:36 Scout Tower
15:37 Scout Tower
15:43 Farm
16:18 Guard Tower
16:52 Farm
17:25 Town Hall
17:27 Scout Tower
17:29 Scout Tower
18:04 Farm
18:52 Guard Tower
19:33 Scout Tower
19:36 Scout Tower
19:40 Scout Tower
20:04 Guard Tower
20:04 Guard Tower
21:46 Town Hall
22:29 Scout Tower
22:30 Scout Tower
22:55 Guard Tower
22:57 Guard Tower
22:57 Guard Tower
23:05 Guard Tower
23:06 Guard Tower
23:13 Scout Tower
23:15 Scout Tower
23:17 Scout Tower
23:24 Scout Tower
23:25 Scout Tower
23:58 Guard Tower
23:58 Guard Tower
24:01 Scout Tower
24:04 Scout Tower
24:06 Scout Tower
24:26 Guard Tower
24:26 Guard Tower
24:28 Arcane Tower
24:29 Arcane Tower
24:32 Guard Tower
24:33 Guard Tower
24:33 Guard Tower
24:33 Guard Tower
28:25 Workshop
28:27 Workshop
28:30 Workshop
33:16 Farm
33:17 Farm
33:22 Farm
33:32 Farm
33:39 Farm
33:42 Farm
34:11 Scout Tower
34:14 Scout Tower
34:16 Scout Tower
34:42 Guard Tower
34:43 Guard Tower
34:43 Guard Tower
34:52 Guard Tower
34:52 Guard Tower
34:52 Guard Tower
41:42 Town Hall
» items
| Boots of Speed | 1 | |
| Staff of Teleportation | 1 | |
| Scroll of Regeneration | 12 | |
| Potion of Invisibility | 3 | |
| Potion of Healing | 7 | |
| Ivory Tower | 5 | |
| Scroll of Town Portal | 4 | |
| Lesser Clarity Potion | 8 | |
| Potion of Mana | 3 | |
44 total

»
Mae)S(Tro (
pink | 26 APM | 1083 actions | 41:59)
5 Keeper of the Grove
2 Entangling Roots
3 Thorns Aura
3 Priestess of the Moon
2 Trueshot Aura
1 Searing Arrows
» actions
| Basic commands | 3 | |
| Build / train | 105 | |
| Enter build submenu | 20 | |
| Enter hero's abilities submenu | 8 | |
| Give item / drop item | 5 | |
| Remove unit from queue | 3 | |
| Right click | 511 | |
| Select / deselect | 357 | |
| Use ability | 69 | |
1083 total
» units
| Wisp | 21 | |
| Archer | 10 | |
| Chimaera | 9 | |
| Hippogryph | 27 | |
| Druid of the Talon | 4 | |
71 total
» upgrades
| Corrosive Breath | 1 | |
| Strength of the Wild | 3 | |
| Reinforced Hides | 3 | |
| Druid of the Talon Training | 1 | |
8 total
» buildings
| Altar of Elders | 1 | |
| Moon Well | 8 | |
| Ancient of War | 1 | |
| Tree of Ages | 1 | |
| Tree of Eternity | 1 | |
| Tree of Life | 3 | |
| Ancient of Wind | 3 | |
| Hunter's Hall | 1 | |
| Ancient of Wonders | 1 | |
| Chimaera Roost | 2 | |
22 total
» build order
00:10 Altar of Elders
00:12 Moon Well
01:03 Ancient of War
01:41 Moon Well
01:47 Moon Well
02:44 Tree of Ages
03:29 Moon Well
05:52 Tree of Eternity
06:01 Tree of Life
07:53 Ancient of Wind
08:01 Hunter's Hall
08:09 Ancient of Wonders
09:14 Chimaera Roost
09:15 Chimaera Roost
11:13 Moon Well
11:14 Moon Well
18:12 Ancient of Wind
18:16 Ancient of Wind
21:25 Moon Well
21:28 Moon Well
22:04 Tree of Life
26:26 Tree of Life
» items
| Scroll of Town Portal | 7 | |
| Anti-magic Potion | 2 | |
| Orb of Venom | 1 | |
| Staff of Preservation | 1 | |
11 total
Chat log
(00:30 / Allies) Mae)S(Tro: me feed ud ?
(00:36 / Allies) Cumeel: no
(00:53 / Allies) Mae)S(Tro: no good stats ud
(00:53 / Allies) Mae)S(Tro: ^^
(02:14 / Allies) smokymcpot79: units?
(02:25 / Allies) Cumeel: fiends wyrms
(02:26 / All) GlassOnion: Watch the fuck out everyone!
(02:30 / All) GlassOnion: Trashman is making killers!
(02:39 / All) trashman: u daaamn rite
(04:07 / Allies) Mae)S(Tro: give
(04:08 / Allies) Mae)S(Tro: item
(04:09 / Allies) Mae)S(Tro: stop
(04:11 / Allies) Mae)S(Tro: steal
(04:12 / Allies) Mae)S(Tro: jall
(04:15 / Allies) SH1TMYGOLDMINE: I didn't steal it
(04:19 / Allies) Mae)S(Tro: idiot
(04:19 / Allies) SH1TMYGOLDMINE: You stole my green camp
(04:23 / Allies) SH1TMYGOLDMINE: I didn't need help with that
(05:14 / Allies) Mae)S(Tro: t2
(05:32 / Allies) SH1TMYGOLDMINE: You don't have to choose my build for me
(05:42 / Allies) SH1TMYGOLDMINE: that is a pretty standard timing
(05:52 / Allies) SH1TMYGOLDMINE: you can't tech and expo at the exact same time
(06:00 / Allies) SH1TMYGOLDMINE: because you'd have fuck all for resources
(06:12 / Allies) Mae)S(Tro: fr stp ?
(07:12 / All) GlassOnion: you'll regret this nigger mher
(08:57 / Allies) Mae)S(Tro: help.
(08:58 / Allies) Mae)S(Tro: ?
(10:39 / 8) GlassOnion: are you getting my messages
(10:57 / All) trashman: gay ud
(12:01 / 8) GlassOnion: wood
(14:14 / All) GlassOnion: that didn't work out well
(14:39 / All) Furion7: purple gay
(14:51 / All) SH1TMYGOLDMINE: thanks for the free wyrm
(14:56 / All) SH1TMYGOLDMINE: LOL
(14:57 / All) SH1TMYGOLDMINE: ragequit
(16:23 / All) SH1TMYGOLDMINE: thanks for the free hero kill bro
(18:30 / All) SH1TMYGOLDMINE: nice expo bro
(18:31 / All) GlassOnion: I'm going to fuck you up, bitch
(18:33 / All) SH1TMYGOLDMINE: nice farms son
(26:30 / Allies) Mae)S(Tro: gold
(26:32 / Allies) Mae)S(Tro: purple
(26:34 / Allies) Mae)S(Tro: pliz
(26:53 / Allies) SH1TMYGOLDMINE: there you go
(26:54 / Allies) SH1TMYGOLDMINE: sir
(26:58 / Allies) Mae)S(Tro: lol
(26:59 / Allies) Mae)S(Tro: ?
(27:01 / Allies) Mae)S(Tro: 72 ?
(27:02 / Allies) Mae)S(Tro: ^^
(27:13 / Allies) Mae)S(Tro: give 1000k man pliz^^
(27:20 / Allies) SH1TMYGOLDMINE: I don't have that much
(27:27 / Allies) Mae)S(Tro: b
(27:29 / Allies) Mae)S(Tro: b
(27:33 / Allies) smokymcpot79: pls purp
(27:47 / Allies) Mae)S(Tro: b
(27:48 / Allies) Mae)S(Tro: omg
(27:51 / Allies) Mae)S(Tro: purple
(27:56 / Allies) Mae)S(Tro: give gold or loos
(28:42 / Allies) smokymcpot79: purp some gold pls
(28:58 / All) GlassOnion: time to die motehrfucker
(29:03 / Allies) SH1TMYGOLDMINE: there you go
(30:25 / All) GlassOnion: You're next orange
(30:37 / Allies) Mae)S(Tro: gold purple pliz
(32:08 / Allies) Cumeel: give some gold purple
(34:39 / Allies) smokymcpot79: ass
(34:42 / All) GlassOnion: get out
(34:49 / All) GlassOnion: leave scrub teal
(34:52 / Allies) smokymcpot79: miother fucker purp you was y
(35:00 / All) SH1TMYGOLDMINE: Shouldn't have creeped my green camp, pink
(35:16 / Allies) smokymcpot79: you lame bastard
(35:17 / Allies) Mae)S(Tro: pff
(35:31 / All) SH1TMYGOLDMINE: Teal: "you lame bastard" *ragequit*
(36:00 / Allies) Mae)S(Tro: go thank
(37:03 / All) Mae)S(Tro: purple
(37:04 / Allies) Mae)S(Tro: team
(37:15 / All) Mae)S(Tro: purple team killer gg
(40:15 / All) SH1TMYGOLDMINE: too easy
(40:27 / All) Mae)S(Tro: yelow purple bleu = frend team ?
(40:28 / All) GlassOnion: Fill them in on the details
(40:38 / All) SH1TMYGOLDMINE: ALRIGHT EVERYONE, LISTEN UP
(40:43 / All) SH1TMYGOLDMINE: YELLOW AND I ARE COMRADES WORKING TOGETHER
(40:46 / All) SH1TMYGOLDMINE: THE GAME WAS RIGGED FROM THE START
(40:52 / All) SH1TMYGOLDMINE: WE ARE GOING TO GIVE EVERYONE AN EQUAL CHANCE OF VICTORY"
(40:54 / All) Mae)S(Tro: ok
(40:56 / All) SH1TMYGOLDMINE: WE WILL KILL EVERYTHING
(40:59 / All) SH1TMYGOLDMINE: INCLUDING OUR OWN STUFF
(40:59 / All) Mae)S(Tro: from ?
(41:02 / All) SH1TMYGOLDMINE: AND LEAVE ONLY 2 BUILDINGS
(41:07 / All) SH1TMYGOLDMINE: SO NEITHER SIDE CAN KILL EACH OTHER
(41:12 / All) SH1TMYGOLDMINE: BEST INTERNET WINS
(41:13 / All) Mae)S(Tro: from ?
(41:14 / All) SH1TMYGOLDMINE: SOUND FAIR?
(41:25 / All) Mae)S(Tro: i don"t speak inglish man...
(41:28 / All) SH1TMYGOLDMINE: WILL ALL OF YOU BE WILLING TO LEAVE YOUR COMPUTERS ON ALL NIGHT FOR THE WIN?
(41:30 / All) GlassOnion: Welp
(41:36 / All) GlassOnion: Guess that means you lose orange and pink
(41:54 / All) SH1TMYGOLDMINE: TIME FOR YOU TO LEAVE
(42:18 / All) SH1TMYGOLDMINE: Which side gets the loss?
(42:20 / All) GlassOnion: teal and orange should lose
(42:23 / All) SH1TMYGOLDMINE: Alright